AoeStats
← damiansilva312

Arabia

509762988Analyzed
1v1 RM · 3d ago on Sep 27, 2026· 63m 8s· 2 players
Game mode
Random Map
Map size
Tiny (2 player)
Population
200
Speed
Normal
Resources
Standard
Victory
Conquest
Starting age
Dark Age
Ending age
Imperial Age
RankedLock teamsTeams togetherTeam positionsShared explorationLock speedFull tech treeHidden civsTurbo modeCheats
Victory
Defeat
🇨🇦 Berbers · Canada
782
+18
🇦🇷 Gurjaras · Argentina
815
-34
Blongman
8:33 Loom
11:30 Feudal Age
13:27 Horse Collar
13:37 Double-Bit Axe
21:02 Castle Age
20:28 Scale Barding Armor
20:34 Forging
20:24 Fletching
25:24 Bloodlines
28:40 Bodkin Arrow
28:45 Padded Archer Armor
36:57 Imperial Age
37:46 Pikeman
42:58 Chemistry
42:37 Scale Mail Armor
43:13 Iron Casting
44:12 Capped Ram
46:05 Blast Furnace
45:21 Chain Mail Armor
48:41 Theocracy
48:26 Murder Holes
48:52 Ballistics
51:47 Bracer
53:22 Plate Mail Armor
53:09 Leather Archer Armor
54:02 Maghrebi Camels
57:11 Elite Camel Archer
58:38 Wheelbarrow
57:50 Town Watch
59:06 Thumb Ring
59:05 Husbandry
60:40 Ring Archer Armor
damiansilva312
10:09 Feudal Age
8:26 Loom
12:13 Wheelbarrow
14:53 Double-Bit Axe
19:07 Man-at-Arms
21:23 Forging
20:59 Horse Collar
22:02 Town Watch
22:14 Gold Mining
23:54 Bloodlines
27:06 Castle Age
26:49 Arson
27:25 Fletching
27:42 Scale Barding Armor
31:44 Bow Saw
33:40 Iron Casting
34:34 Husbandry
59:15 Imperial Age
58:06 Bodkin Arrow
Connection lost

Rejoining the realm…

Still unreachable

The connection could not be restored.

Session expired

The server has moved on; the page needs a fresh start.